 Dungeon Crawl Stone Soup version 0.29.0-11-gd7f09526c8 (webtiles) character file.

Game seed: 9542425476630924549

63 concernfroge the Trooper (level 3, -3/29 HPs)
             Began as a Mummy Monk on Sept 4, 2022.
             Slain by Natasha (5 damage)
             ... on level 2 of the Dungeon.
             The game lasted 00:03:24 (1310 turns).

concernfroge the Trooper (Mummy Monk)               Turns: 1310, Time: 00:03:25

Health: -3/29      AC: 11    Str: 16    XL:     3   Next: 87%
Magic:  3/3        EV:  5    Int:  9    God:
Gold:   91         SH:  0    Dex: 14    Spells: 2/2 levels left

rFire   x . .      SeeInvis .   d - +1 quarterstaff
rCold   + . .      Faith    .   (shield currently unavailable)
rNeg    + + +      Spirit   .   f - +0 plate armour
rPois   ∞          Reflect  .   (no helmet)
rElec   .          Harm     .   (no cloak)
rCorr   .          Rampage  .   (no gloves)
Will    .....                   e - +0 pair of boots
Stlth   ..........              (no amulet)
HPRegen 0.09/turn               (no ring)
MPRegen 0.08/turn               (no ring)

@: no status effects
A: cold resistance 1, negative energy resistance 3, torment resistance 2, heat
vulnerability 1, in touch with death 1, no potions
a: no special abilities


You were on level 2 of the Dungeon.
You visited 1 branch of the dungeon, and saw 2 of its levels.

You collected 91 gold pieces.

Inventory:

Hand Weapons
 d - a +1 quarterstaff (weapon)
Armour
 e - a +0 pair of boots (worn)
 f - a +0 plate armour (worn)
Scrolls
 b - a scroll of identify


   Skills:
 - Level 3.3 Fighting
 - Level 2.4(3.0) Polearms
 + Level 2.7(3.2) Staves
 - Level 2.4 Dodging
 - Level 1.5 Stealth


You had 2 spell levels left.
You didn't know any spells.
Your spell library contained the following spells:

 Spells                   Type           Power      Damage    Failure   Level
 Petrify                  Tmut/Erth      0%         N/A       100%        4
 Irradiate                Conj/Tmut      0%         3d11      100%        5
 Sublimation of Blood     Necr           Unusable   N/A       N/A         2
 Blade Hands              Tmut           Unusable   N/A       N/A         5
 Dragon Form              Tmut           Unusable   N/A       N/A         7

Dungeon Overview and Level Annotations

Branches:
Dungeon (2/15)

Altars:

Annotations:
D:2 Natasha


Innate Abilities, Weirdness & Mutations

You are immune to poison.
Your flesh is cold resistant. (rC+)
You are immune to negative energy. (rN+++)
You are immune to unholy pain and torment.
You are vulnerable to heat. (rF-)
You are in touch with the powers of death.
You do not drink.


Message History

You barely miss Natasha.
Natasha is moderately wounded.
Natasha claws you but does no damage.
You hit Natasha.
Natasha is heavily wounded.
Natasha mumbles some strange words.
You closely miss Natasha.
Natasha is heavily wounded.
Natasha drinks a potion.
Natasha is healed!
You closely miss Natasha.
Natasha claws you but does no damage. x2
You hit Natasha.
Natasha is lightly wounded.
Natasha claws you but does no damage.
You closely miss Natasha.
Natasha is lightly wounded.
Natasha stares at you and mumbles some strange words.
The magic dart hits you.
* * * LOW HITPOINT WARNING * * *
As you read the scroll labelled YTWIAR FIXKUPN, it crumbles to dust.
The creatures around you are filled with an inner flame!
It was a scroll of immolation.
The white imp grins evilly.
Natasha claws you but does no damage.
As you read the scroll labelled UCOEMI URAPH, it crumbles to dust.
The scroll dissolves into smoke.
It was a scroll of fog.
Natasha claws you.
* * * LOW HITPOINT WARNING * * *
As you read the scroll labelled KEOFUU SUNI, it crumbles to dust.
You hear a loud clanging noise!
It was a scroll of noise.
You hear an angry hiss.
Natasha claws you but does no damage.
As you read the scroll labelled NEICZE WOMAIL, it crumbles to dust.
It is a scroll of enchant weapon.
Your +0 quarterstaff glows red for a moment.
Natasha claws you but does no damage.
As you read the scroll labelled BECOXZ ATAOM, it crumbles to dust.
It is a scroll of identify.
You don't have any unidentified items.
Natasha claws you.
You die...

.......####.†......#
........#...#.._..##
....#.#.#..#......#
#..#.#..##........
#.#...#.###.####.##
......#.#..###.## .#
.....#.#§#§§.....
......#.§§§########
.)...#.(§§@§§......
.....#.##h#########
.... #. #5# ... #.
... ### # #... #....
+.... #.....


You could see Natasha (inner flame) and a white imp (summoned, inner flame).

Vanquished Creatures
  Jessica (D:2)
  An adder (D:2)
  A dart slug (D:1)
  5 ball pythons
  2 endoplasms (D:1)
  A giant cockroach (D:2)
  3 goblins
  3 hobgoblins
  A quokka (D:2)
  A bat (D:1)
  2 frilled lizards (D:1)
  A kobold (D:1)
  5 rats (D:1)
27 creatures vanquished.

Notes
Turn   | Place    | Note
-------+----------+-------------------------------------------
     0 | D:1      | concernfroge the Mummy Monk began the quest for the Orb.
     0 | D:1      | Reached XP level 1. HP: 18/18 MP: 1/1
   442 | D:1      | Reached XP level 2. HP: 24/24 MP: 2/2
   524 | D:1      | Reached skill level 1 in Staves
  1026 | D:2      | Noticed Jessica
  1030 | D:2      | Killed Jessica
  1031 | D:2      | Gained mutation: You are in touch with the powers of death.
                  | [Mummy growth]
  1031 | D:2      | Reached XP level 3. HP: 24/29 MP: 3/3
  1197 | D:2      | Found a faded altar of an unknown god.
  1286 | D:2      | Noticed Natasha
  1307 | D:2      | HP: 1/29 [Natasha (2)]
  1310 | D:2      | Slain by Natasha

Illustrated notes

Levels and vault maps discovered:
D:1:      onia_arrival_pentagram, layout_basic
D:2:      layout_basic, ebering_ecumenical_altar_sacrificial,
          minmay_tiny_reverse_x, uniq_jessica, uniq_natasha

Skill      XL: |  1  2 |
---------------+-------+-----
Staves         | 2 |  2.7
Fighting       | |  3.3
Polearms       | |  2.4
Dodging        | |  2.4
Stealth        | |  1.5

Action                   || total
-------------------------++-------
Melee: Spear             ||    16
       Quarterstaff      ||    66
  Use: Scroll            ||     5
 Stab: Sleeping          ||     3
Armor: Robe              ||     2
       Plate armour      ||    49
Dodge: Dodged            ||    25
